 Dungeon Crawl Stone Soup version 0.28-a0-1412-gf95308ed99 (webtiles) character file.

Game seed: 514595443942856577

10 coolguy69 the Chopper (level 2, -7/26 HPs)
             Began as a Hill Orc Berserker on Jan 7, 2022.
             Was a Follower of Trog.
             Mangled by a goblin (16 damage)
             ... on level 1 of the Dungeon.
             The game lasted 00:00:20 (381 turns).

coolguy69 the Chopper (Hill Orc Berserker)           Turns: 381, Time: 00:00:21

Health: -7/26      AC:  2    Str: 19    XL:     2   Next: 20%
Magic:  2/2        EV: 11    Int:  7    God:    Trog [*.....]
Gold:   22         SH:  0    Dex: 10    Spells: 1/1 levels left

rFire   . . .      SeeInvis .   a - +0 hand axe
rCold   . . .      Faith    .   (no shield)
rNeg    . . .      Spirit   .   b - +0 animal skin
rPois   .          Reflect  .   (no helmet)
rElec   .          Harm     .   (no cloak)
rCorr   .          Rampage  .   (no gloves)
Will    .....                   (no boots)
Stlth   +.........              (no amulet)
HPRegen 0.08/turn               (no ring)
MPRegen 0.08/turn               (no ring)

@: no status effects
A: no striking features
a: Renounce Religion, Berserk


You were on level 1 of the Dungeon.
You worshipped Trog.
Trog was aware of your devotion.
You visited 1 branch of the dungeon, and saw 1 of its levels.

You collected 22 gold pieces.

Inventory:

Hand Weapons
 a - a +0 hand axe (weapon)
Armour
 b - a +0 animal skin (worn)
Jewellery
 d - a +4 ring of protection
Potions
 c - a potion of curing {unknown}


   Skills:
 - Level 3.6 Fighting
 * Level 4.9 Axes
 - Level 2.1 Armour
 - Level 1.5 Dodging


You had one spell level left.
You didn't know any spells.
Your spell library was empty.

Dungeon Overview and Level Annotations

Branches:
Dungeon (1/15)

Altars:


Message History

Trog accepts your kill.
No target in view!
You see here a ball python corpse.
d - a +4 ring of protection You see here a +0 ring mail.
No target in view!
You now have 22 gold pieces (gained 15).
You see here a +0 ring mail.
A goblin comes into view.
It is wielding a +2 dagger of electrocution.
The goblin shouts!
You hear a shout!
A kobold comes into view. It is wielding a +0 dagger.
A kobold comes into view. It is wielding a +0 club.
The kobold shouts!
There are monsters nearby!
You closely miss the goblin. The goblin closely misses you.
There are monsters nearby!
You closely miss the goblin.
The goblin hits you with a +2 dagger of electrocution.
There are monsters nearby!
You hit the goblin.
The goblin is severely wounded.
The goblin hits you with a +2 dagger of electrocution.
You are electrocuted!
You are too injured to fight recklessly!
You are too injured to fight recklessly!
You are too injured to fight recklessly!
You are too injured to fight recklessly!
You are too injured to fight recklessly!
You are too injured to fight recklessly!
You are too injured to fight recklessly!
You are too injured to fight recklessly!
You are too injured to fight recklessly!
You are too injured to fight recklessly!
You are too injured to fight recklessly!
You closely miss the goblin.
The goblin is severely wounded.
The goblin hits you with a +2 dagger of electrocution.
You are electrocuted!
Ouch! That really hurt!
You die...

.#..#
......>.........
...######
##.........###....
.#......###
##........# ###.
...####...#
#........# ##.#
###.# #.# #.####
### #....#####
####.....# #####@#
#g#


KK. ..... ....... #........ ########## You could see a goblin and 2 kobolds.

Vanquished Creatures
  A ball python (D:1)
  A bat (D:1)
  An endoplasm (D:1)
  A giant cockroach (D:1)
  A hobgoblin (D:1)
  3 frilled lizards (D:1)
  A kobold (D:1)
  A rat (D:1)
10 creatures vanquished.

Notes
Turn   | Place    | Note
-------+----------+-------------------------------------------
     0 | D:1      | coolguy69 the Hill Orc Berserker began the quest for the
                  | Orb.
     0 | D:1      | Reached XP level 1. HP: 19/19 MP: 1/1
   104 | D:1      | Reached XP level 2. HP: 20/26 MP: 2/2
   381 | D:1      | Mangled by a goblin

Illustrated notes

Levels and vault maps discovered:
D:1:      shiori_arrival_elements, layout_rooms

Action                   || total
-------------------------++-------
Melee: Hand axe          ||    33
Armor: Animal skin       ||     5
Dodge: Dodged            ||    20

Table legend: (Time is in decaauts)
 A = Elapsed time spent in this place.
 B = Non-inter-level travel time spent in this place.
 C = Inter-level travel time spent in this place.
 D = Time resting spent in this place.
 E = Time spent auto-exploring this place.
 F = Levels seen in this place.
 G = Mean time per level.
                   A        B        C        D        E       F      G
               +--------+--------+--------+--------+--------+-----+--------+
         Total |    383 |    383 |      0 |      0 |    320 |   1 |  383.0 |
       Dungeon |    383 |    383 |      0 |      0 |    320 |   1 |  383.0 |
               +--------+--------+--------+--------+--------+-----+--------+

Top non-repeatable levels by time:
     D:1: 383 daAuts
